 Dungeon Crawl Stone Soup version 0.27-a0-1105-g946c659c87 (webtiles) character file.

Game seed: 3388518983443726019

25224 kae the Severer (level 13, 0/119 HPs)
             Began as a Hill Orc Fighter on Apr 29, 2021.
             Was a Priest of Qazlal.
             Slain by a white imp (3 damage)
             ... on level 2 of the Lair of Beasts.
             The game lasted 00:08:38 (17116 turns).

kae the Severer (Hill Orc Fighter)                 Turns: 17116, Time: 00:08:38

Health: 0/119      AC:  9    Str: 24    XL:     13   Next: 18%
Magic:  13/13      EV:  7    Int:  8    God:    Qazlal [***...]
Gold:   1828       SH: 14    Dex: 16    Spells: 12/12 levels left

rFire    + . .     SeeInvis .   a - +1 war axe (spect)
rCold    + . .     Faith    .   c - +0 kite shield
rNeg     . . .     Spirit   .   b - +0 scale mail
rPois    .         Reflect  .   (no helmet)
rElec    .         Harm     .   F - scarf {rC+ rF+}
rCorr    .         Rampage  .   (no gloves)
Will     .....                  (no boots)
Stlth    ..........             (no amulet)
HPRegen  0.29/turn              q - +6 ring of dexterity
MPRegen  0.13/turn              (no ring)

@: no status effects
A: no striking features
a: Renounce Religion, Upheaval, Elemental Force


You were on level 2 of the Lair of Beasts.
You worshipped Qazlal.
Qazlal was most pleased with you.
You visited 3 branches of the dungeon, and saw 14 of its levels.
You also visited: Ossuary and Volcano.

You collected 1828 gold pieces.

Inventory:

Hand Weapons
 a - a +1 spectral war axe (weapon)
Missiles
 I - a throwing net (quivered)
Armour
 b - a +0 scale mail (worn)
 c - a +0 kite shield (worn)
 f - a +1 cloak
 F - a scarf of resistance (worn)
 K - a +0 pair of boots of rampaging
Jewellery
 n - a ring of wizardry
 q - a +6 ring of dexterity (left hand)
 s - a ring of ice
 y - an amulet of magic regeneration
Wands
 h - a wand of paralysis (20)
 m - a wand of iceblast (11)
 o - a wand of flame (56)
 r - a wand of digging (3)
 C - a wand of polymorph (18)
Scrolls
 i - 8 scrolls of teleportation
 j - 3 scrolls of magic mapping
 k - 5 scrolls of enchant armour
 l - 3 scrolls of enchant weapon
 w - 3 scrolls of amnesia
 A - 2 scrolls of noise
 B - 3 scrolls of identify
 E - 2 scrolls of fog
 H - 2 scrolls of fear
 J - a scroll of brand weapon
Potions
 d - 2 potions of might
 e - a potion of ambrosia
 g - a potion of heal wounds
 p - 4 potions of berserk rage
 t - 2 potions of flight
 u - a potion of haste
 v - 2 potions of cancellation
 x - 3 potions of attraction
 z - 4 potions of curing
 D - 3 potions of brilliance
 G - a potion of mutation


   Skills:
 + Level 12.6 Fighting
 * Level 17.8 Axes
 + Level 11.7 Armour
 - Level 3.2 Shields
 + Level 7.4 Evocations


You had 12 spell levels left.
You didn't know any spells.
Your spell library contained the following spells:

 Spells                   Type           Power      Damage    Failure   Level
 Animate Skeleton         Necr           0%         N/A       99%         1
 Foxfire                  Conj/Fire      0%         2x1d4     99%         1
 Magic Dart               Conj           0%         1d3       99%         1
 Pain                     Necr           0%         1d4       99%         1
 Summon Small Mammal      Summ           0%         N/A       99%         1
 Blink                    Tloc           N/A        N/A       99%         2
 Call Imp                 Summ           0%         N/A       99%         2
 Searing Ray              Conj           0%         3d3       99%         2
 Slow                     Hex            0%         N/A       99%         2
 Call Canine Familiar     Summ           0%         N/A       100%        3
 Conjure Flame            Conj/Fire      0%         6-21      100%        3
 Inner Flame              Hex/Fire       0%         N/A       100%        3
 Mephitic Cloud           Conj/Pois/Air  0%         N/A       100%        3
 Summon Guardian Golem    Hex/Summ       0%         N/A       100%        3
 Vampiric Draining        Necr           0%         2d6       100%        3
 Animate Armour           Summ/Erth      0%         N/A       100%        4
 Animate Dead             Necr           0%         N/A       100%        4
 Leda's Liquefaction      Hex/Erth       0%         N/A       100%        4
 Summon Ice Beast         Ice/Summ       0%         N/A       100%        4
 Summon Lightning Spire   Summ/Air       0%         N/A       100%        4
 Agony                    Necr           0%         N/A       100%        5
 Bolt of Magma            Conj/Fire/Erth 0%         4d4       100%        5
 Silence                  Hex/Air        0%         N/A       100%        5
 Conjure Ball Lightning   Conj/Air       0%         3x3d6     100%        6
 Iron Shot                Conj/Erth      0%         9d1       100%        6
 Statue Form              Tmut/Erth      0%         N/A       100%        6
 Shatter                  Erth           0%         3d5*      100%        9
 Tornado                  Air            0%         N/A       100%        9


Dungeon Overview and Level Annotations

Branches:
Dungeon (11/15)            Temple (1/1) D:5            Lair (2/6) D:11
    Orc (0/2) D:11        Ossuary (visited)         Volcano (visited)
  Swamp: Lair:2-4    Shoals: Lair:2-4     Snake: Lair:2-4    Spider: Lair:2-4

Altars:
Ashenzari
Cheibriados
Dithmenos
Elyvilon
Fedhas
Gozag
Hepliaklqana
Kikubaaqudgha
Makhleb
Nemelex Xobeh
Okawaru
Qazlal
Ru
Sif Muna
Trog
Uskayaw
Vehumet
Wu Jian
Xom
Yredelemnul
Zin
The Shining One

Portals:
Ice
Cave: Lair:2


Message History

A white imp comes into view.
You hear a shout! x2
The blink frog blinks!
The white imp gestures at you.
You hear a sizzling sound!
Something shouts, "Begone, thou artless fool-born reprobate!"
The blink frog blinks!
A white imp comes into view.
The blink frog hits you!
* * * LOW HITPOINT WARNING * * *
The blink frog blinks!
You closely miss the blink frog. You slash the blink frog!
Your spectral weapon hits the blink frog!
Your spectral weapon closely misses the blink frog.
Your spectral weapon hits the blink frog!
The blink frog closely misses you.
The blink frog barely misses your spectral weapon.
The blink frog blinks!
The white imp gestures at you.
The puff of frost misses your spectral weapon.
The puff of frost hits you but does no damage.
You resist. The blink frog closely misses you.
The blink frog blinks!
You swap places.
The blink frog blinks!
You block the blink frog's attack. The blink frog hits you!
* * * LOW HITPOINT WARNING * * *
You block the white imp's attack. 2 white imps come into view.
The white imp shouts, "Leave, thou foisting miscreant bounder!"
The white imp shouts, "Capitulate, thou pottle-deep swag-bellied buzzard-bait!"
The blink frog hits you.
* * * LOW HITPOINT WARNING * * *
You block the blink frog's attack.
The blink frog hits you but does no damage.
The white imp gestures at you. The puff of frost hits you. You resist.
* * * LOW HITPOINT WARNING * * *
The blink frog blinks!
The blink frog hits you!
* * * LOW HITPOINT WARNING * * *
The white imp hits you.
You die...

**,*,,,**#.......###.##**#....#.$
*,,,,,,,........P#...####..?##.#
**,,,,,,,.......................#
*,,,,,,,,........................
**,,,,,,,........§...............
**,,,,,,,........○°....†.........
*,,,,,,,,.......§§...F....#.#....
*,,,,,*,**##...FFF##..#.###.##...
**,,,,,,,...#..§@5####..##...##..
*,,*,,,,......55#......##....#.#
*,,,,,,,......5.##....##.....##.
*,,*,,,,........##....#......##.
**,,*,,,,........##.>.##......###
*,,,*,*,*......F..**,.##........#
**,,,,,,,..5.5...#***##.........#
*,,,,,,,...∩.....,,,,##......###
*,,,,,,,,,,,,,,,,,,,,,#......##.


You could see 4 blink frogs and 6 white imps.

Vanquished Creatures
  A red draconian (Volcano)
  Fannar (D:11)
  Harold (D:11)
  2 centaur warriors
  3 two-headed ogres (D:10)
  Erica (D:10)
  An ugly thing (D:11)
  A cane toad (Lair:1)
  2 gargoyles (D:11)
  A rime drake (Lair:1)
  2 unseen horrors
  4 komodo dragons
  A yaktaur (shapeshifter) (D:10)
  A yaktaur (Volcano)
  A troll (D:11)
  5 blink frogs (Lair:1)
  A meliai zombie (D:11)
  3 shadows
  Grum (D:11)
  A vampire (D:11)
  A wyvern (D:11)
  2 wraiths (D:10)
  3 fire bats (Lair:2)
  26 yaks
  4 basilisks
  3 steam dragons
  Edmund (D:5)
  An acid dragon (D:11)
  11 water moccasins
  5 orc warriors
  2 sky beasts
  2 ice beasts (D:7)
  4 ogres
  3 black bears
  3 necrophages
  6 wolves
  9 centaurs
  2 phantoms
  3 bullfrogs
  Blork the orc (D:5)
  11 scorpions
  2 water moccasin skeletons
  6 killer bees (D:10)
  5 wights (D:8)
  3 electric eels (Lair:1)
  8 centaur zombies
  3 hounds
  A human zombie (Ossuary)
  2 orc priests
  Jessica (D:2)
  7 scorpion zombies (Ossuary)
  Natasha (thrice) (D:3)
  2 iguanas (D:5)
  8 orc wizards
  4 hell rats (Lair:1)
  3 mummies (Ossuary)
  6 adders
  6 gnolls (D:4)
  A howler monkey skeleton (D:4)
  3 ufetubi (D:5)
  A worm (D:3)
  3 dart slugs
  30 orcs
  9 ball pythons
  8 bats
  9 endoplasms
  6 giant cockroaches
  A gnoll zombie (Ossuary)
  6 goblins
  10 hobgoblins
  9 jackals
  3 quokkas
  4 frilled lizards
  3 goblin zombies
  2 hobgoblin zombies (Ossuary)
  10 kobolds
  3 kobold zombies (Ossuary)
  2 orc zombies (Ossuary)
  6 rats
  A rat zombie (D:4)
337 creatures vanquished.

Vanquished Creatures (others)
  A scorpion (Ossuary)
  5 bushes (D:11)
  10 fungi
  24 plants
40 creatures vanquished.

Grand Total: 377 creatures vanquished

Notes
Turn   | Place    | Note
-------+----------+-------------------------------------------
     0 | D:1      | kae the Hill Orc Fighter began the quest for the Orb.
     0 | D:1      | Reached XP level 1. HP: 19/19 MP: 1/1
   119 | D:1      | Reached skill level 3 in Axes
   162 | D:1      | Reached XP level 2. HP: 20/27 MP: 2/2
   740 | D:1      | Reached XP level 3. HP: 32/33 MP: 3/3
  1181 | D:1      | Reached skill level 4 in Axes
  1845 | D:2      | Reached XP level 4. HP: 40/40 MP: 4/4
  2138 | D:2      | Noticed Jessica
  2141 | D:2      | Killed Jessica
  2264 | D:2      | Reached skill level 5 in Axes
  2489 | D:3      | Noticed Natasha
  2492 | D:3      | Killed Natasha
  2493 | D:3      | Reached XP level 5. HP: 37/47 MP: 5/5
  2584 | D:3      | Noticed a black bear
  2588 | D:3      | Killed a black bear
  2589 | D:3      | Reached skill level 5 in Fighting
  2589 | D:3      | Reached skill level 6 in Axes
  2589 | D:3      | Reached XP level 6. HP: 52/56 MP: 6/6
  2744 | D:3      | Noticed Natasha
  2748 | D:3      | Killed Natasha
  2758 | D:3      | Noticed Natasha
  2767 | D:3      | Killed Natasha
  2831 | D:3      | Found a faded altar of an unknown god.
  3117 | D:4      | Reached skill level 5 in Armour
  3150 | D:4      | Reached skill level 7 in Axes
  3150 | D:4      | Reached XP level 7. HP: 32/61 MP: 7/7
  3261 | D:4      | Found a sand-covered staircase.
  3312 | Ossuary  | Entered an ossuary
  3560 | Ossuary  | Reached skill level 8 in Axes
  3568 | Ossuary  | Reached XP level 8. HP: 24/71 MP: 8/8
  3824 | Ossuary  | Reached skill level 9 in Axes
  4096 | Ossuary  | Reached skill level 10 in Axes
  4626 | D:4      | Reached XP level 9. HP: 74/79 MP: 9/9
  4664 | D:4      | Found a shimmering blue altar of Sif Muna.
  5029 | D:5      | Entered Level 5 of the Dungeon
  5093 | D:5      | Reached skill level 11 in Axes
  5213 | D:5      | Noticed Blork the orc
  5219 | D:5      | Killed Blork the orc
  5328 | D:5      | Noticed Edmund
  5339 | D:5      | Killed Edmund
  5571 | D:5      | Found a staircase to the Ecumenical Temple.
  5848 | Temple   | Entered the Ecumenical Temple
  6032 | Temple   | Became a worshipper of Qazlal Stormbringer
  6066 | D:5      | Identified a scroll of acquirement
  6066 | D:5      | Acquired 1015 gold pieces
  6141 | D:6      | Identified Fyd Pif's Incunabulum of the Hurtful Arsonist
  6205 | D:6      | Reached skill level 12 in Axes
  6496 | D:6      | HP: 4/82 [poisoned by a water moccasin]
  7491 | D:7      | Reached XP level 10. HP: 85/91 MP: 10/10
  8963 | D:8      | Reached skill level 13 in Axes
  9069 | D:8      | Reached * piety under Qazlal
  9524 | D:9      | Reached skill level 1 in Evocations
  9834 | D:9      | Reached skill level 10 in Fighting
  9898 | D:9      | Reached skill level 14 in Axes
 10440 | D:10     | Entered Level 10 of the Dungeon
 10440 | D:10     | Noticed a centaur warrior
 10447 | D:10     | Killed a centaur warrior
 10448 | D:10     | Reached XP level 11. HP: 78/100 MP: 11/11
 10810 | D:10     | Noticed a two-headed ogre
 10821 | D:10     | Reached ** piety under Qazlal
 10825 | D:10     | Killed a two-headed ogre
 10826 | D:10     | Reached skill level 15 in Axes
 10829 | D:10     | Reached skill level 10 in Armour
 11102 | D:10     | Noticed Erica
 11110 | D:10     | Killed Erica
 11268 | D:10     | Noticed a two-headed ogre
 11273 | D:10     | Killed a two-headed ogre
 11511 | D:10     | Noticed a two-headed ogre
 11518 | D:10     | Killed a two-headed ogre
 11519 | D:10     | Reached skill level 5 in Evocations
 11959 | D:10     | Reached XP level 12. HP: 80/110 MP: 12/12
 12371 | D:11     | Reached skill level 16 in Axes
 12390 | D:11     | Noticed Harold
 12402 | D:11     | Killed Harold
 12622 | D:11     | Noticed Grum
 12629 | D:11     | Found a sacrificial altar of Ru.
 12631 | D:11     | Killed Grum
 12804 | D:11     | Found a staircase to the Orcish Mines.
 12924 | D:11     | Noticed Fannar
 13170 | D:11     | Found a staircase to the Lair.
 14128 | D:11     | Killed Fannar
 14128 | D:11     | Reached *** piety under Qazlal
 14608 | D:11     | Found a staircase to the Orcish Mines.
 14777 | D:11     | Found a sacrificial altar of Ru.
 14923 | Lair:1   | Entered Level 1 of the Lair of Beasts
 15219 | Lair:1   | Reached skill level 17 in Axes
 16849 | Lair:2   | Reached XP level 13. HP: 97/119 MP: 13/13
 16854 | Lair:2   | Found a dark tunnel.
 16863 | Volcano  | Entered a volcano
 17041 | Volcano  | Noticed a red draconian
 17057 | Volcano  | Killed a red draconian
 17116 | Lair:2   | Found a frozen archway.
 17116 | Lair:2   | HP: 3/119 [blink frog (16)]
 17116 | Lair:2   | Slain by a white imp

Illustrated notes

Levels and vault maps discovered:
D:1:      psy_arrival_wood_between_worlds, layout_basic, minivault_5
D:2:      layout_loops_corners, uniq_jessica
D:3:      layout_basic, ebering_ecumenical_altar_box, minmay_vboxes,
          uniq_natasha
D:4:      layout_basic, led_sif_pool, enter_ossuary_4
D:5:      layout_loops_ring, minmay_temple_entry_fiery, uniq_edmund,
          uniq_blork_the_orc
D:6:      layout_loops_cross, skrybe_limestone_x
D:7:      layout_layer_cave
D:8:      layout_basic
D:9:      layout_roguey, kennysheep_nondescript, chequers_serial_rivers_large_a
D:10:     minmay_razor_zed, layout_rooms, grunt_decor_cap, uniq_erica
D:11:     layout_roguey, minmay_lair_entry_grove, david_orc_2,
          nicolae_ru_sacrificial_ziggurat, uniq_fannar, uniq_grum, uniq_harold
Temple:   minmay_crystal_snake_temple
Lair:1:   layout_loops_ring, serial_bayou_pond_b, dpeg_stationary_puzzle,
          serial_bayou_shore_b, serial_bayou_shore_b, lemuel_fruit_tree,
          grunt_megastairs_1
Lair:2:   layout_regular_city, portal_ice_cave_entry_imps,
          nicolae_volcano_entry_batcave

Skill      XL: |  1  2  3  4  5  6  7  8  9 10 11 12 |
---------------+-------------------------------------+-----
Axes           | 3 4 5 6 7 8 10 12 14 15 17 | 17.8
Fighting       | 4 5 6 7 9 10 11 12 | 12.6
Armour         | 4 5 7 8 9 10 11 | 11.7
Evocations     | 3 5 7 |  7.4
Shields        | |  3.2

Action                   |  1- 3 |  4- 6 |  7- 9 | 10-12 | 13-15 || total
-------------------------+-------+-------+-------+-------+-------++-------
Melee: War axe           |    96 |    80 |   217 |   431 |    28 ||   852
Evoke: Wand              |       |       |       |       |     3 ||     3
  Use: Scroll            |     5 |     3 |     8 |     8 |       ||    24
       Potion            |       |       |     6 |     1 |     3 ||    10
 Stab: Distracted        |       |       |       |     8 |     1 ||     9
Armor: Scale mail        |    38 |    34 |    86 |   101 |    17 ||   276
Dodge: Dodged            |    32 |    24 |    74 |    64 |    10 ||   204
Block: Kite shield       |    65 |    35 |   111 |   196 |    42 ||   449

Table legend: (Time is in decaauts)
 A = Elapsed time spent in this place.
 B = Non-inter-level travel time spent in this place.
 C = Inter-level travel time spent in this place.
 D = Time resting spent in this place.
 E = Time spent auto-exploring this place.
 F = Levels seen in this place.
 G = Mean time per level.
                   A        B        C        D        E       F      G
               +--------+--------+--------+--------+--------+-----+--------+
         Total |  17268 |  16536 |    732 |    972 |  13511 |  16 | 1079.2 |
       Dungeon |  14385 |  13756 |    629 |    970 |  11233 |  11 | 1307.7 |
        Temple |    216 |    179 |     37 |      0 |    177 |   1 |  216.0 |
          Lair |   1561 |   1496 |     65 |      0 |   1297 |   2 |  780.5 |
       Ossuary |    883 |    883 |      0 |      0 |    700 |   1 |  883.0 |
       Volcano |    221 |    221 |      0 |      2 |    104 |   1 |  221.0 |
               +--------+--------+--------+--------+--------+-----+--------+

Top non-repeatable levels by time:
    D:11: 2963 daAuts
    D:10: 1920 daAuts
     D:1: 1518 daAuts
  Lair:1: 1449 daAuts
     D:7: 1199 daAuts
     D:8: 1143 daAuts
     D:4: 1089 daAuts
     D:6: 1067 daAuts
     D:2: 1029 daAuts
     D:9: 946 daAuts
 Ossuary: 883 daAuts
     D:5: 870 daAuts
     D:3: 637 daAuts
 Volcano: 221 daAuts
  Temple: 216 daAuts
